 Dungeon Crawl Stone Soup version 0.30-a0-802-gb92711bcdf (webtiles) character file.

Game seed: 13573118516799080973

4400 Strat the Cleaver (level 10, -5/90 HPs)
             Began as a Hill Orc Reaver on Feb 24, 2023.
             Was a Believer of Wu Jian.
             Slain by a vampire mosquito (8 damage)
             ... on level 8 of the Dungeon.
             The game lasted 00:20:41 (11896 turns).

Strat the Cleaver (Hill Orc Reaver)                Turns: 11896, Time: 00:20:42

Health: -5/90      AC:  8    Str: 20      XL:     10   Next: 35%
Magic:  12/12      EV: 11    Int: 13      God:    Wu Jian [**....]
Gold:   591        SH:  0    Dex:  6 (9)  Spells: 9/12 levels left

rFire   . . .      SeeInvis .    a - +0 war axe (chaos)
rCold   . . .      Faith    .    (no shield)
rNeg    . . .      Spirit   .    b - +0 leather armour
rPois   +          Reflect  .    (no helmet)
rElec   .          Harm     .    f - +2 cloak
rCorr   .          Rampage  .    y - +0 pair of gloves
Will    +....                    (no boots)
Stlth   +                        (no amulet)
HPRegen 0.35/turn                z - ring of poison resistance
MPRegen 0.13/turn                A - ring of willpower

@: no status effects
A: no striking features
a: Renounce Religion, Wall Jump


You were on level 8 of the Dungeon.
You worshipped Wu Jian.
Wu Jian was pleased with you.
You visited 1 branch of the dungeon, and saw 8 of its levels.

You collected 591 gold pieces.

Inventory:

Hand Weapons
 a - a +0 war axe of chaos (weapon)
 u - a +0 hand axe
Missiles
 e - 15 poisoned darts
 x - 3 atropa-tipped darts
 N - a throwing net
Armour
 b - a +0 leather armour (worn)
 f - a +2 cloak (worn)
 y - a +0 pair of gloves (worn)
Jewellery
 c - a ring of flight
 h - a ring of resist corrosion
 z - a ring of poison resistance (left hand)
 A - a ring of willpower (right hand)
 G - an amulet of faith
 I - a ring of fire
Wands
 L - a wand of roots (6)
Scrolls
 k - a scroll of silence {unknown}
 o - a scroll of amnesia
 p - 2 scrolls of immolation
 r - 2 scrolls of vulnerability
 w - 2 scrolls of butterflies
 C - a scroll of magic mapping
 F - 2 scrolls of brand weapon
 H - a scroll of poison
 J - a scroll of fog {unknown}
 M - a scroll of identify
Potions
 g - a potion of invisibility
 i - 3 potions of magic
 l - 5 potions of brilliance
 m - a potion of attraction
 q - 2 potions of flight
 s - 2 potions of resistance
 t - 2 potions of lignification {unknown}
 v - a potion of mutation {unknown}
 B - 2 potions of cancellation {unknown}
 D - 2 potions of degeneration {unknown}
 E - 3 potions of curing {unknown}


   Skills:
 + Level 8.7 Fighting
 - Level 14.0 Axes
 + Level 7.0 Armour
 - Level 1.5 Dodging
 - Level 1.5 Spellcasting
 - Level 5.0 Conjurations
 - Level 1.0 Translocations


You had 9 spell levels left.
You knew the following spells:

 Your Spells              Type           Power      Damage    Failure   Level
a - Kiss of Death         Conj/Necr      28%        2d7       11%         1
b - Momentum Strike       Conj/Tloc      16%        3d8       14%         2

Your spell library contained the following spells:

 Spells                   Type           Power      Damage    Failure   Level
 Dazzling Flash           Conj/Hex       14%        N/A       32%         3
 Hailstorm                Conj/Ice       7%         3d4       32%         3
 Ensorcelled Hibernation  Hex/Ice        2%         N/A       43%         2
 Iskenderun's Mystic Bla  Conj/Tloc      8%         2d4       65%         4
 Spider Form              Tmut/Pois      1%         N/A       67%         3
 Anguish                  Hex/Necr       0%         N/A       97%         4
 Starburst                Conj/Fire      3%         6d3       100%        6


Dungeon Overview and Level Annotations

Branches:
Dungeon (8/15)             Temple (0/1) D:5
   Lair: D:8-11

Altars:
Ashenzari
Kikubaaqudgha
Sif Muna
Wu Jian
Xom
The Shining One

Shops:
D:6 :   D:7 (


Message History

The six-headed hydra closely misses you.
The six-headed hydra bites you but does no damage.
The six-headed hydra closely misses you.
The six-headed hydra attacks as you move away!
The six-headed hydra bites you! x2
* * * LOW HITPOINT WARNING * * *
The six-headed hydra completely misses you.
The six-headed hydra closely misses you. x2
The six-headed hydra bites you but does no damage.
The vampire mosquito bites you.
* * * LOW HITPOINT WARNING * * *
The vampire mosquito draws strength from your injuries!
You spin and attack the vampire mosquito.
You hit the vampire mosquito but do no damage.
The vampire mosquito closely misses you.
The vampire mosquito bites you.
* * * LOW HITPOINT WARNING * * *
The vampire mosquito draws strength from your injuries!
The vampire mosquito bites you.
* * * LOW HITPOINT WARNING * * *
The vampire mosquito draws strength from your injuries!
The vampire mosquito bites you.
* * * LOW HITPOINT WARNING * * *
The vampire mosquito draws strength from your injuries!
The vampire mosquito bites you but does no damage.
The six-headed hydra bites you but does no damage.
The six-headed hydra closely misses you.
The six-headed hydra bites you!
* * * LOW HITPOINT WARNING * * *
The six-headed hydra bites you!
* * * LOW HITPOINT WARNING * * *
The six-headed hydra bites you!
* * * LOW HITPOINT WARNING * * *
The six-headed hydra misses you.
The vampire mosquito attacks as you move away!
The vampire mosquito bites you.
* * * LOW HITPOINT WARNING * * *
The vampire mosquito draws strength from your injuries!
The vampire mosquito bites you!
You die...

#.......#######.#..~♣.P#
####.#####.......##....#
#..# #.......####..#
#.## #.......# ##.# #.#
#.......# #.# #.#
#.......#####.# #.#
#..........##.# #.#
#######..####.##.# #.#
#.......@..##.##.##
#.###.##.##..y|.#.##..#
#........##yD#..#.###.#
########.##.##.....#.#
#.# ##...#
#........)....###.# #
.....#
####....u.........# #
##...#
#.......############ #
##.## ####.##[#
##.......### ###.####
#...#.###..........)


You could see a six-headed hydra, a white ugly thing and 2 vampire mosquitoes.

Vanquished Creatures
  Pikel (D:5)
  A troll (D:8)
  Sigmund (D:2)
  A water moccasin (D:7)
  An orc warrior (D:7)
  A sky beast (D:5)
  2 black bears
  2 ice beasts
  4 ogres
  3 centaurs
  2 lemures (D:5)
  A phantom (D:6)
  2 kobold brigands (D:8)
  A necrophage (D:5)
  2 scorpions
  2 bullfrogs
  6 wights
  9 killer bees
  3 vampire bats (D:5)
  A howler monkey (D:8)
  An electric eel (D:7)
  A quasit (D:8)
  Crazy Yiuf (D:4)
  3 orc priests
  A gnoll bouda (D:7)
  3 hounds
  2 iguanas
  Natasha (thrice) (D:2)
  6 orc wizards
  10 adders
  10 gnolls
  5 shadow imps
  5 white imps
  An ufetubus (D:4)
  4 dart slugs
  2 worms (D:2)
  23 orcs
  A bat skeleton (D:5)
  3 bat zombies (D:5)
  6 endoplasms
  2 giant cockroaches (D:2)
  3 goblins
  8 hobgoblins
  10 jackals
  15 kobolds
  5 quokkas
  6 ball pythons
  6 bats
  4 frilled lizards
  6 rats
202 creatures vanquished.

Vanquished Creatures (others)
  7 demonic plants (D:8)
  5 toadstools (D:5)
12 creatures vanquished.

Grand Total: 214 creatures vanquished

Notes
Turn   | Place    | Note
-------+----------+-------------------------------------------
     0 | D:1      | Strat the Hill Orc Reaver began the quest for the Orb.
     0 | D:1      | Reached XP level 1. HP: 18/18 MP: 3/3
   126 | D:1      | Reached XP level 2. HP: 13/25 MP: 4/4
   129 | D:1      | Learned a level 2 spell: Momentum Strike
   646 | D:1      | Found a faded altar of an unknown god.
   971 | D:2      | Reached XP level 3. HP: 29/30 MP: 5/5
  1002 | D:2      | Noticed Sigmund
  1265 | D:3      | Reached skill level 5 in Axes
  1528 | D:3      | Reached XP level 4. HP: 14/37 MP: 2/6
  2063 | D:2      | Noticed Natasha
  2080 | D:2      | Killed Natasha
  2081 | D:2      | Reached skill level 1 in Translocations
  2165 | D:2      | Reached skill level 6 in Axes
  2230 | D:2      | Reached XP level 5. HP: 34/40 MP: 7/7
  2600 | D:2      | Noticed Natasha
  2601 | D:2      | Killed Natasha
  3116 | D:2      | Killed Sigmund
  3117 | D:2      | Reached skill level 7 in Axes
  3117 | D:2      | Reached XP level 6. HP: 43/52 MP: 5/8
  3151 | D:2      | Noticed Natasha
  3172 | D:2      | Killed Natasha
  3228 | D:2      | Reached skill level 8 in Axes
  3689 | D:4      | Reached skill level 1 in Armour
  3751 | D:4      | Reached XP level 7. HP: 29/59 MP: 6/9
  4305 | D:4      | Found a broken altar of Ashenzari.
  4376 | D:4      | Found an ornate altar of the Wu Jian Council.
  4413 | D:4      | Became a worshipper of the Wu Jian Council
  4598 | D:4      | Found a runed translucent door.
  4599 | D:4      | Noticed Crazy Yiuf
  4944 | D:4      | Killed Crazy Yiuf
  4945 | D:4      | Reached skill level 9 in Axes
  5015 | D:5      | Entered Level 5 of the Dungeon
  5174 | D:5      | Reached XP level 8. HP: 64/66 MP: 10/10
  5216 | D:5      | Reached skill level 10 in Axes
  5386 | D:5      | Reached skill level 11 in Axes
  5659 | D:5      | Found a staircase to the Ecumenical Temple.
  5834 | D:5      | Reached * piety under Wu Jian
  6152 | D:5      | Reached skill level 12 in Axes
  6387 | D:5      | Found an ancient bone altar of Kikubaaqudgha.
  6399 | D:5      | Reached skill level 5 in Fighting
  6656 | D:6      | Reached XP level 9. HP: 60/74 MP: 11/11
  6757 | D:6      | Noticed Pikel
  7038 | D:6      | Found Kuanyud's Book Shop.
  7072 | D:6      | Found a glowing golden altar of the Shining One.
  7201 | D:5      | Killed Pikel
  7202 | D:5      | Reached skill level 13 in Axes
  7354 | D:6      | Found a shimmering altar of Xom.
  7832 | D:7      | Reached skill level 14 in Axes
  8318 | D:7      | Reached ** piety under Wu Jian
  9075 | D:7      | Found Xitius's Antique Weapon Boutique.
  9099 | D:7      | Reached skill level 5 in Armour
  9197 | D:7      | Found a shimmering blue altar of Sif Muna.
 10041 | D:7      | Reached XP level 10. HP: 49/84 MP: 7/12
 10236 | D:7      | Reached skill level 5 in Conjurations
 11049 | D:8      | Noticed a five-headed hydra
 11608 | D:8      | Noticed a white ugly thing
 11896 | D:8      | HP: 3/90 [vampire mosquito (5)]
 11896 | D:8      | Slain by a vampire mosquito

Illustrated notes

Levels and vault maps discovered:
D:1:      minmay_arrival_glassed_features, layout_basic, basic_ecumenical_altar
D:2:      layout_loops_ring, uniq_natasha, uniq_sigmund
D:3:      layout_loops_cross
D:4:      layout_gridville, mainiacjoe_overflow_large_starburst,
          grunt_ministairs_2, hangedman_decor_growths, minmay_pentomino_pile,
          uniq_crazy_yiuf_cottage
D:5:      layout_loops_corners, kennysheep_vampire_church, temple_hall,
          minmay_gold_behind_fungi, minmay_misc_feat_nine_boxes
D:6:      layout_gridville, overflow_temple_1_default, lemuel_doored_altar,
          serial_shops, kennysheep_little_box, uniq_pikel
D:7:      layout_basic, lemuel_round_altar, serial_shops, nicolae_shop_stone,
          kennysheep_path_1
D:8:      layout_loops_cross, serial_demonic, serial_demonic_g,
          serial_demonic_b, serial_demonic_e, serial_demonic_f,
          minmay_manual_monstrance

Skill      XL: |  1  2  3  4  5  6  7  8  9 10 |
---------------+-------------------------------+-----
Axes           | 5 6 7 8 9 12 14 | 14.0
Conjurations   | 4 5 |  5.0
Translocations | 1 |  1.0
Fighting       | 4 5 7 8 |  8.7
Armour         | 1 4 5 7 |  7.0
Dodging        | |  1.5
Spellcasting   | |  1.5

Action                     |  1- 3 |  4- 6 |  7- 9 | 10-12 || total
---------------------------+-------+-------+-------+-------++-------
  Melee: Hand axe          |   130 |   127 |       |       ||   257
         Punch             |     1 |     4 |     5 |       ||    10
         War axe           |       |    32 |   481 |   142 ||   655
   Cast: Momentum Strike   |     2 |    12 |    19 |     2 ||    35
         Kiss of Death     |       |     2 |     2 |       ||     4
Ability: Lunge             |       |       |    13 |     3 ||    16
         Whirlwind         |       |       |     4 |     7 ||    11
    Use: Scroll            |       |       |    18 |     7 ||    25
         Potion            |       |       |     4 |     2 ||     6
   Stab: Invisible         |       |       |     3 |       ||     3
         Paralysed         |       |       |     1 |     1 ||     2
 Armour: Leather armour    |    34 |    39 |   182 |    55 ||   310
  Dodge: Dodged            |    85 |    84 |   293 |    86 ||   548

Table legend: (Time is in decaauts)
 A = Elapsed time spent in this place.
 B = Non-inter-level travel time spent in this place.
 C = Inter-level travel time spent in this place.
 D = Time resting spent in this place.
 E = Time spent auto-exploring this place.
 F = Levels seen in this place.
 G = Mean time per level.
                   A        B        C        D        E       F      G
               +--------+--------+--------+--------+--------+-----+--------+
         Total |  11813 |  11377 |    436 |   2871 |   6165 |   8 | 1476.6 |
       Dungeon |  11813 |  11377 |    436 |   2871 |   6165 |   8 | 1476.6 |
               +--------+--------+--------+--------+--------+-----+--------+

Top non-repeatable levels by time:
     D:7: 2463 daAuts
     D:5: 1768 daAuts
     D:4: 1623 daAuts
     D:2: 1409 daAuts
     D:6: 1353 daAuts
     D:8: 1191 daAuts
     D:1: 1074 daAuts
     D:3: 929 daAuts
